cohdb
Replays
Latest Replays
All Replays
Popular Replays
Top Player Replays
Match Explorer
How It Works
Community
CoH3 Stats
Reddit
Sign in to upload your games and track your stats! →
Sign in with Steam
Match 41499195
Unlisted
Match 41499195
Overview
Messages
Build Orders
End
Kradschützen Motorcycle Team
Panzergrenadier Squad
Selects Armored Support Battlegroup
Panzergrenadier Squad
Construct Light Support Kompanie
2.5-tonne Medical Truck
Fire Support Elements
Selects Veteran Gunners
MG34 Team
2.5-tonne Medical Truck
Flakvierling Half-track
Panzerjäger Squad
Selects Salvage Kits
joseballen
daidaroszoo
Fulgrim
Border of Life
SandiPon
guxun
梁朝伟
[DF]虎子
0
0
Comments
sign in to comment!
No comments posted yet!